Cogmind - Beta 15 @@@ ROGUE MODE // 2025.06.16 @ 18:54:24 Player: Oldman Pu Result: Destroyed by KR-L4S(R) with Subdweller Machine Gun Performance ------------- Evolutions (0) 0 Regions Visited (2) 400 Robots Destroyed (16) 80 Value Destroyed (432) 432 Prototype IDs (0) 0 Alien Tech Used (0) 0 Bonus (0) 0 TOTAL SCORE: 912 Bonus ------- None Cogmind --------- Core Integrity 0/250 Matter 265/300 Energy 120/250 System Corruption 2% Temperature Cool (0) Movement Rolling (110) Ox2 Location -10/Subcaves Parts ------- > --- POWER (1) -------- Ion Engine > --- PROPULSION (2) --- Wheel Wheel > --- UTILITY (2) ------ High-capacity Storage Unit Core Shielding > --- WEAPON (2) ------- Beam Cannon Assault Rifle > --- INVENTORY (20) --- Compact Wheel Improved Heat Sink Small Storage Unit Medium Storage Unit Huge Storage Unit High-capacity Battery (250) Large Matter Pod (150) Core Shielding Core Shielding Subdweller Laser Beam Cannon Assault Rifle Assault Rifle Light Assault Rifle Peak State ------------ > --- POWER ------------ Light Nuclear Core > --- PROPULSION ------- Compact Wheel Compact Wheel > --- UTILITY ---------- Improved Heat Sink Medium Storage Unit > --- WEAPON ----------- Assault Rifle Assault Rifle > --- INVENTORY -------- Ion Engine Ion Engine Small Storage Unit Medium Matter Pod Large Matter Pod Assault Rifle Assault Rifle Light Assault Rifle [Rating: 11] Favorites ----------- Power Ion Engine Engine Ion Engine Power Core Light Nuclear Core Propulsion Compact Wheel Wheel Compact Wheel Utility Improved Heat Sink Device Improved Heat Sink Storage High-capacity Storage Unit Protection Light Armor Plating Weapon Assault Rifle Energy Gun Small Laser Energy Cannon Beam Cannon Ballistic Gun Assault Rifle Build | -11 -10 -10 ------- Run | Yrd Mat Sub Slots Evolved . | . . . Power . | . . . Propulsion . | . . . Utility . | . . . Weapon . | . . . Parts Attached 19 | 6 11 2 Power 3 | 1 1 1 Engine 2 | 1 . 1 Core 1 | . 1 . Reactor . | . . . Propulsion 4 | 2 2 . Treads . | . . . Leg . | . . . Wheel 4 | 2 2 . Hover . | . . . Flight . | . . . Utility 6 | 1 4 1 Device 1 | . 1 . Storage 3 | 1 2 . Processor . | . . . Hackware . | . . . Protection 2 | . 1 1 Artifact . | . . . Weapon 6 | 2 4 . Energy Gun 1 | 1 . . Energy Cannon 1 | . 1 . Ballistic Gun 4 | 1 3 . Ballistic Cannon . | . . . Launcher . | . . . Special Weapon . | . . . Impact Weapon . | . . . Slashing Weapon . | . . . Piercing Weapon . | . . . Special Melee Weapon . | . . . Unidentified Prototypes . | . . . Parts Lost 5 | . 2 3 Power 1 | . . 1 Propulsion 1 | . 1 . Utility 2 | . 1 1 Weapon 1 | . . 1 Highest Loss Streak 3 | . 1 3 To Critical Strikes . | . . . Average Backups 10 | . 9 15 Power . | . 1 . Propulsion . | . . 1 Utility 4 | . 4 8 Weapon 3 | . 3 4 Tool/Special . | . . . Unused Backups 11 | . 1 10 Power . | . . . Propulsion . | . . . Utility 7 | . 1 6 Weapon 4 | . . 4 Tool/Special . | . . . Average Slot Usage (%) 96 | . 98 86 Engine 12 | . 13 7 Wheel 27 | . 27 28 Device 10 | . 10 8 Storage 14 | . 14 14 Protection 2 | . 2 . Energy Gun 1 | . 1 . Energy Cannon 8 | . 7 14 Ballistic Gun 18 | . 19 13 Peak Build Rating 11 | 6 11 10 Average Rating 8 | 4 9 8 On Entrance 5 | . 6 10 Naked Turns . | . . . Heaviest Build 51 | 12 51 51 Greatest Support 32 | 32 32 20 Greatest Overweight (x) 3 | . 3 2 Average Overweight (x) 1 | . 1 2 Largest Inventory Capacity 20 | 8 20 20 Average Capacity 16 | 6 16 20 Most Carried 16 | . 16 16 Average Carried 10 | . 9 15 Final Capacity 20 | 8 20 20 Final Carried 16 | . 16 14 Class Distribution -------------------- 100% | Mutant Dominant Class ---------------- Mutant | -10/Materials Mutant | -10/Subcaves Resources | -11 -10 -10 ----------- Run | Yrd Mat Sub Matter Collected 885 | 208 628 49 Remotely . | . . . Salvage Created 628 | . 569 59 Parts 33 | . 30 3 Haulers Intercepted 2 | . 2 . Recyclers Shooed . | . . . Parts Field Recycled . | . . . Retrieved Matter . | . . . Parts Self-Destructed 8 | . . 8 Prevented . | . . . Kills | -11 -10 -10 ------- Run | Yrd Mat Sub Combat Hostiles Destroyed 11 | . 10 1 Guns 7 | . 7 . Cannons 4 | . 3 1 Classes Destroyed 6 | . 5 1 Worker 1 | . 1 . Builder 1 | . 1 . Hauler 2 | . 2 . Watcher 1 | . 1 . Grunt 10 | . 10 . Subdweller 1 | . . 1 Best Kill Streak 6 | . 6 1 Combat Bots Only 5 | . 5 1 Max Kills in Single Turn 2 | . 2 1 Gunslinging . | . . . Exploded . | . . . Melee . | . . . Uniques/NPCs Destroyed . | . . . Combat | -11 -10 -10 -------- Run | Yrd Mat Sub Hostile Shots Fired 81 | . 50 31 Missed 19 | . 10 9 Hits 62 | . 40 22 Projectile 62 | . 40 22 Critical Strikes 2 | . . 2 Damage Taken 955 | . 503 452 Core 251 | . 90 161 Absorbed by Shields . | . . . Redirected to Shielding 3 | . . 3 Core Remaining (%) 100 | 100 . . Volleys Fired 77 | 1 55 21 Largest 2 | 2 2 2 Hottest 80 | 60 80 80 Shots Fired 139 | 2 96 41 Gun 99 | 2 77 20 Cannon 40 | . 19 21 Launcher . | . . . Special . | . . . Kinetic 88 | 1 67 20 Thermal 51 | 1 29 21 Explosive . | . . . Electromagnetic . | . . . Robot Hit Streak 27 | 2 21 27 Robot Miss Streak 5 | . 5 1 Penetration Max . | . . . Secondary Targets . | . . . Shots Hit Robots 89 | 2 55 32 Core Hits 31 | . 28 3 Critical Kills . | . . . Critical Parts Destroyed 1 | . 1 . Critical Strikes 1 | . 1 . Destroy 1 | . 1 . Melee Attacks . | . . . Impact . | . . . Slashing . | . . . Piercing . | . . . Sneak Attacks . | . . . Combat Hostiles . | . . . Follow-up Attacks . | . . . Damage Inflicted 978 | 17 731 230 Guns 663 | 17 558 88 Cannons 315 | . 173 142 Explosions . | . . . Melee . | . . . Ramming . | . . . Kinetic 589 | 6 495 88 Thermal 389 | 11 236 142 Explosive . | . . . Electromagnetic . | . . . Impact . | . . . Slashing . | . . . Piercing . | . . . Highest Corruption 2 | . 2 2 Average Corruption 2 | . 2 2 Corruption Purged . | . . . Corruption Blocked . | . . . Effects 15 | . 11 4 Message Errors 5 | . 2 3 Matter Fused 5 | . 4 1 Heat Flow Errors 1 | . 1 . Data Loss (minor) 4 | . 4 . Overload Shots . | . . . Overflow Damage . | . . . Projectiles . | . . . Explosions . | . . . Melee . | . . . Knockbacks . | . . . Impact . | . . . Kinetic . | . . . Secondary . | . . . Self-Inflicted Damage . | . . . Shots . | . . . Rammed . | . . . Targets Rammed . | . . . Kicked . | . . . Crushed . | . . . Highest Temperature 82 | 20 82 . Average Temperature 18 | 15 18 . Received Heat Transfer 393 | . 279 114 Siege Activations . | . . . Martial Activations . | . . . Shielding Activations . | . . . Robots Disrupted . | . . . Combat Hostiles . | . . . Robots Corrupted . | . . . Combat Hostiles . | . . . Parts Fried . | . . . Impact Corruptions . | . . . Robots Melted . | . . . Combat Hostiles . | . . . Parts Melted . | . . . Heat Transferred 841 | 25 520 296 Parts Sabotaged . | . . . Parts Stolen . | . . . Parts Stripped . | . . . Power Chain Reactions . | . . . Alert | -11 -10 -10 ------- Run | Yrd Mat Sub Maximum Alert Level . | . . . Low Security (%) 100 | 100 100 . Level 1 . | . . . Level 2 . | . . . Level 3 . | . . . Level 4 . | . . . Level 5 . | . . . High Security . | . . . Max Security . | . . . Peak Influence 116 | . 116 . Initial . | . . . Average 28 | . 30 . Influence Increases 310 | . 310 . Destroy 0b10 Robot/C 200 | . 200 . Destroy 0b10 Robot/NC 25 | . 25 . Destroy Leader 56 | . 56 . Successful Hack 11 | . 11 . Destroy Structure 3 | . 3 . Lose Combat Pursuer 15 | . 15 . Influence Decreases 310 | . 310 . Time Decay 290 | . 290 . Lost Part 20 | . 20 . Squads Dispatched 3 | . 3 . Investigation 2 | . 2 . Extermination . | . . . Reinforcement 1 | . 1 . Assault . | . . . Garrison . | . . . Intercept . | . . . Searches Triggered . | . . . Construction Impeded . | . . . Haulers Reinforced . | . . . Active Scanning Responses . | . . . Cargo Convoy Interrupts . | . . . Stealth | -11 -10 -10 --------- Run | Yrd Mat Sub Distress Signals 2 | . 2 . Communications Jammed . | . . . Distress Signals . | . . . Times Spotted 23 | . 21 2 Peak Tracking Total 5 | . 5 1 Tactical Retreats 1 | . 1 . Traps | -11 -10 -10 ------- Run | Yrd Mat Sub Traps Triggered 2 | . 2 . Indirectly . | . . . Trap Hack Attempts . | . . . Triggered . | . . . Disarmed . | . . . Reprogrammed . | . . . Reused . | . . . Traps Extracted . | . . . Installed . | . . . Triggered . | . . . Machines | -11 -10 -10 ---------- Run | Yrd Mat Sub Machines Disabled . | . . . Max in Single Turn . | . . . Machines Repaired . | . . . Machines Dismantled . | . . . Machines Sabotaged . | . . . Overloaded Fab Kills . | . . . Hacking | -11 -10 -10 --------- Run | Yrd Mat Sub Machines Accessed 6 | . 6 . Terminals 6 | . 6 . Fabricators . | . . . Repair Stations . | . . . Recycling Units . | . . . Scanalyzers . | . . . Garrison Access . | . . . Total Hacks 17 | . 17 . Successful 8 | . 8 . Failed 9 | . 9 . Catastrophic 1 | . 1 . Database Lockouts . | . . . Manual . | . . . Terminals 17 | . 17 . Fabricators . | . . . Repair Stations . | . . . Recycling Units . | . . . Scanalyzers . | . . . Garrison Access . | . . . Terminal Hacks 8 | . 8 . Record 4 | . 4 . Emergency Access Points 1 | . 1 . Locate Traps 1 | . 1 . Dispatch Records 1 | . 1 . Security Status 1 | . 1 . Fabricator Hacks . | . . . Repair Station Hacks . | . . . Recycling Unit Hacks . | . . . Scanalyzer . | . . . Garrison Access Hacks . | . . . Unauthorized Hacks . | . . . Terminals . | . . . Fabricators . | . . . Repair Stations . | . . . Recycling Units . | . . . Scanalyzers . | . . . Garrison Access . | . . . Data Cores Recovered . | . . . Used . | . . . Hacking Detections 6 | . 6 . Full Trace Events 2 | . 2 . Feedback Events . | . . . Feedback Blocked . | . . . Robot Schematics Acquired . | . . . Robots Built . | . . . Authchips . | . . . Time . | . . . Total Robot Build Rating . | . . . Part Schematics Acquired . | . . . Parts Built . | . . . Authchips . | . . . Time . | . . . Total Part Build Rating . | . . . Parts Repaired . | . . . Time . | . . . Parts Recycled . | . . . Recycled Matter . | . . . Retrieved Matter . | . . . Retrieved Components . | . . . Parts Scanalyzed . | . . . Part Schematics Acquired . | . . . Parts Damaged . | . . . Bothacking | -11 -10 -10 ------------ Run | Yrd Mat Sub Used RIF Installer . | . . . Robots Hacked . | . . . Non-combat . | . . . Combat . | . . . Robot Hacks Applied . | . . . Relay Couplers Released . | . . . Fabnet Peak Effective % . | . . . Robots Rewired . | . . . Allies Hacked . | . . . Hacks Repelled . | . . . Allies | -11 -10 -10 -------- Run | Yrd Mat Sub Total Allies . | . . . Largest Group . | . . . Highest-Rated Group . | . . . Highest-Rated Ally . | . . . Total Orders . | . . . Ally Attacks . | . . . Total Damage . | . . . Kills . | . . . Allies Corrupted . | . . . Allies Melted . | . . . Intel | -11 -10 -10 ------- Run | Yrd Mat Sub Active Infowar (turns) . | . . . Robot Analysis Total . | . . . Derelict Logs Recovered 1 | . . 1 Drone Launches . | . . . Drone Recoveries . | . . . Exploration | -11 -10 -10 ------------- Run | Yrd Mat Sub Turns Passed 1392 | 60 1125 207 Spaces Moved 1002 | 46 839 117 Core 4 | 4 . . Treads . | . . . Legs . | . . . Wheels 998 | 42 839 117 Hover . | . . . Flight . | . . . Fastest Speed 50 | 50 100 110 Average Speed 108 | 95 109 110 Slowest Speed 145 | 100 145 110 Overloaded Moves . | . . . Propulsion Burnouts . | . . . Robots Hopped . | . . . Potential Cave-ins . | . . . Cave-ins Triggered . | . . . Exploration Rate (%) 38 | 4 99 12 Regions Visited 2 Branch Regions 1 Pre-discovered Areas . | . . . Known Exits Taken . | . . . Unknown Exits Taken 2 | 1 1 . Scrap Searched . | . . . Spaces Dug . | . . . Terrain Destroyed . | . . . Melee . | . . . Projectile . | . . . AOE . | . . . Terrain Rammed . | . . . Walls Destroyed . | . . . Machines Disabled . | . . . Actions | -11 -10 -10 --------- Run | Yrd Mat Sub Total 1162 | 57 951 154 Wait 43 | 5 26 12 Move 1000 | 45 838 117 Hop . | . . . Pick Up 16 | . 15 1 Fast Attach 8 | 6 2 . Attach 4 | . 1 3 Detach . | . . . Swap 10 | . 10 . Drop 4 | . 4 . Fire 77 | 1 55 21 Melee . | . . . Ram . | . . . Kick . | . . . Crush . | . . . Escape Stasis . | . . . Rewire . | . . . Trap . | . . . Miscellaneous . | . . . Route ------- -11/Scrapyard -10/Materials (discovered 6 exits: [*Mat x3] / [*Min x2] / [*Sub]) -10/Subcaves History --------- Turn | Location | Event 12 | -11/Scrapyard | Discovered new exit (range 15) 61 | -11/Scrapyard | Entered Materials 62 | -10/Materials | Met a group of wandering Federalists 87 | -10/Materials | Discovered new exit (range 9) 131 | -10/Materials | Lost 4 allies 164 | -10/Materials | Discovered new exit (range 16) 238 | -10/Materials | Discovered new exit (range 4) 260 | -10/Materials | Discovered new exit (range 15) 313 | -10/Materials | Build established: Mutant 530 | -10/Materials | Discovered new exit (range 16) 615 | -10/Materials | Discovered new exit (range 10) 1186 | -10/Materials | Entered Subcaves 1187 | -10/Subcaves | Continued accompanying wandering Federalists (1) 1187 | -10/Subcaves | Approached by a straggling Scientist 1265 | -10/Subcaves | Core integrity fell below 50% 1311 | -10/Subcaves | Core integrity fell below 20% 1331 | -10/Subcaves | Lost 3 parts (1p1u1w) 1337 | -10/Subcaves | Learned Materials garrison access intel 1393 | -10/Subcaves | Destroyed by KR-L4S(R) with Subdweller Machine Gun Last Messages --------------- 01187_ V3-38P(c): "Thank the algorithms! I was beginning to lose hope I'd never make it past all the Subs lurking out here." 01191_ V3-38P(c): "Hey, let me tag along and I can get us both out of this nasty situation. At least I think I can... The group I got separated from was talking about a shortcut back to the UFD." V3-38P(c): "I think it's somewhere northeast of here" 01250_ 0OA7DVW<|U&FCT%1NYWB,78LLAJ 01272_ Ion Engine destroyed. 01298_ Assault Rifle destroyed. 01300_ Imp. Heat Sink destroyed. 01316_ EO-W84(R) destroyed. 01319_ Acquired 49 matter. 01321_ Acquired Sub. Laser. 01328_ System corrupted: Matter fused (-9). 01337_ Acquired derelict log, extracted data. Data stored: Materials garrison access intel. V3-38P(c): "I think it's somewhere north of here" 01357_ SDOVWRF/GV&CL>VF%ZXC3>A00UZO>EWVK=Q, 01383_ 6WH1/GDJ8YSSMW1|Z:5DE H V3-38P(c): "I think it's somewhere north of here" Map ----- +----------------------------------------------------+ | ?????????????????????????????????????????????????? | | ?????????????????????????????????????????????????? | | ?????????????????????????????????????????????????? | | ?????????????????????????????????????????????????? | | ?????????????????????????????????????????????????? | | ?????????????????????????????????????????????????? | | ?????????????????????????????????????????????????? | | ?????????????????????????????????????????????????? | | ?????????????????????????????????????????????????? | | ?????????????????????????????????????????????????? | | ?????????????????????????????????????????????????? | | ?????????????????????????????????????????????????? | | ?????????????????????????????????????????????????? | | ?????????????????????????????????????????????????? | | ?????????????????????????????????????????????????? | | ?????????????????????????????????????????????????? | | ?????????????????????????????????????????????????? | | ?????????????????????????????????????????????????? | | ?????????????????????????????????????????????????? | | ?????????????????????????????????????????????????? | | ?????????????????????##??????????????????????????? | | ?????????????????????? ?????????????????????????? | | ??????????????????????# ???####??????????????????? | | ?????????????????????##R ??# ######?????????????? | | ?????????????????????# #### #?????????????? | | ?????????????????????# @c #?????????????? | | ?????????????????????# ###???????????? | | ?????????????????????## ## ## #???????????? | | ??????????????????????##?##### #???????????? | | ?????????????????????????????## ###?????????? | | ??????????????????????????????### ##????????? | | ????????????????????????????????# ##???????? | | ???????????????????????????????## ##??????? | | ???????????????????????????????# ## #??? | | ??????????????????????###??????# #??? | | ??????????????####??### ##????## #??? | | ??????????????# #### #???## #??? | | ??????????????# ##### ## ## #??? | | ??????????????# #? #?? ##??? | | ???????????????# ##? ?#???? | | ???????????????### ### #?? #???? | | ???????????????######?## ## ##?? ##???? | | ???????????????# ##??### ####??? ##????? | | ??????????????## ##?# #?????? ##?????? | | ?????????????## #### #?????? #??????? | | ?????????????# #### ##??????? #??????? | | ?????????????# ##### #???????? ???????? | | ??????????????# ##?# #???? #??????????????? | | ??????????????# ### #??? #??????????????? | | ??????????????# ## #?? #???????????????? | +----------------------------------------------------+ Best States ------------- Heat Dissipation 39 Energy Generation 14 Energy Capacity 250 Matter Stores 300 Matter Capacity 300 Sight Range 16 Terrain Scan Density 10 Armor Coverage 150 Core Shielding 20 Evasion (%) 40 Item Schematics ----------------- None Robot Schematics ------------------ None Fabricated ------------ Nothing Repaired ---------- Nothing Alien Tech Used ----------------- None Achievements -------------- None Challenges ------------ None Game ------ Seed TargetingPlexusTurbovents Manual? 0 Play Time 00:13:04 Cumulative 302.9 hours Start 2025.06.16 @ 18:43:02 End 2025.06.16 @ 18:54:24 Sessions 1 Manual Loads 0 Difficulty Rogue Special Mode None Game No. 257 Rogue 245 Adventurer 12 Explorer 0 Win Type - Total 1 Types 1/0/0/0/0/0/0/0/0/0 Lore% 32 Gallery% 45 Achievement% 37 Wizard Run 0 Options --------- Layout 1 ASCII 0 Keyboard 0 Movement Mouse Keybinds 0 Fullscreen 1 Font 32/SmallcapsGlow Map View 77x35 Zoom Use 0% Tactical HUD 1 Map Filters NONE Filters NONE Steam 1 RUN: 48d010ab-4c67-4bf9-962e-1e4cb0f8631d